 Seeded DCSS version 0.31-a0-219-g8d62b2e (webtiles) character file.

Game seed: 1306998998841253564 (custom seed)

2477 edsrzf the Carver (level 9, -1/67 HPs)
             Began as a Djinni Hunter on July 3, 2023.
             Was a Believer of Okawaru.
             Slain by an orc warlord
             ... wielding a +6 broad axe
              (27 damage)
             ... in a bailey.
             The game lasted 00:20:04 (6880 turns).

edsrzf the Carver (Djinni Hunter)                   Turns: 6880, Time: 00:20:04

Health: -1/67      AC:  5    Str: 14    XL:     9   Next: 80%
Gold:   1542       EV: 16    Int: 16    God:    Okawaru [**....] SH:  0 Dex: 18

rFire   + + .        a - +0 scimitar
rCold   x . .        (no shield)
rNeg    . . .        t - +2 robe {Will+}
rPois   ∞            (no helmet)
rElec   .            (no cloak)
rCorr   .            c - +0 pair of gloves
SInv    .            (boots unavailable)
Will    +....        (no amulet)
Stlth   +++          y - +6 ring of intelligence
HPRegen 0.31/turn    (no ring)
MPRegen 0.00/turn

%: infuse magic (-2 HP)
@: heroic, flying, hasted, very quick
A: sickness immunity, fire resistance 2, cold vulnerability 1, float, innate
caster, HP casting, extra vitality 1
a: Renounce Religion, Heroism


You were in a bailey.
You worshipped Okawaru.
Okawaru was pleased with you.
You visited 2 branches of the dungeon, and saw 8 of its levels.
You also visited: Bailey.

You collected 1542 gold pieces.

Inventory:

Hand Weapons
 a - a +0 scimitar (weapon)
 b - a +0 shortbow
Missiles
 A - 4 poisoned darts
Armour
 c - a +0 pair of gloves (worn)
 t - a +2 robe of willpower (worn)
Magical Staves
 h - a staff of conjuration
Jewellery
 y - a +6 ring of intelligence (left hand)
Wands
 e - a wand of flame (18)
 p - a wand of acid (21)
Scrolls
 f - 2 scrolls of teleportation {@r3}
 j - a scroll of enchant weapon {unknown}
 k - 2 scrolls of poison
 r - a scroll of butterflies
 u - 3 scrolls of fear
 x - 2 scrolls of fog {unknown}
Potions
 d - a potion of haste
 g - 5 potions of enlightenment
 i - 2 potions of heal wounds {unknown}
 m - 4 potions of might
 o - a potion of cancellation
 v - a potion of mutation {!q}
 w - a potion of ambrosia


   Skills:
 - Level 6.3(11.3) Fighting
 - Level 10.0(15.0) Long Blades
 - Level 3.2(8.2) Ranged Weapons
 - Level 2.1(7.1) Dodging
 - Level 0.7(5.7) Stealth
 + Level 0.0 Invocations


You knew the following spells:

 Your Spells              Type           Power      Damage    Failure   Level
a - Necrotise             Necr           0%         1d4       26%         1
b - Lesser Beckoning      Tloc           0%         N/A       36%         2
c - Confusing Touch       Hex            0%         N/A       58%         3
d - Portal Projectile     Hex/Tloc       0%         N/A       58%         3
Your spell library was empty.

Dungeon Overview and Level Annotations

Branches:
Dungeon (7/15)             Temple (1/1) D:5          Bailey (1/1)

Altars:
Ashenzari
Hepliaklqana
Okawaru
Qazlal
Ru
Yredelemnul
Zin

Shops:
D:4 :(


Innate Abilities, Weirdness & Mutations

You are immune to sickness and miasma.
You are immune to poison.
Your flesh is very heat resistant. (rF++)
You are vulnerable to cold. (rC-)
You float through the air rather than walking.
You learn spells naturally, not from books.
Your magical power is your life essence.
You have superior vitality. (+4 MHP)


Message History

Some shallow water.
Unknown command.
a - a +0 scimitar (weapon)
Okay, then.
b - a +0 shortbow (weapon)
You reach down and open the gate.
There is an open door here.
There is an open door here.
Items here: ( )) [[.
Things that are here:
a +0 war axe; a +0 leather armour
Items here: )) [[.
There is an open gate here.
The orc warlord shouts loudly.
Things that are here:
a +0 broad axe; a +0 chain mail You gain the combat prowess of a mighty hero.
Fire: b) +0 shortbow
Press: ? - help, Q - select action, (/) - cycle Shift-Dir - straight line, f - orc warlord
Aim: an orc warlord, wielding a +6 broad axe and wearing a +0 plate armour (78% to hit)
You shoot an arrow. The arrow hits the orc warlord!
The orc warlord is lightly wounded.
Fire: b) +0 shortbow
Press: ? - help, Q - select action, (/) - cycle Shift-Dir - straight line, f/p - orc warlord
Aim: an orc warlord, wielding a +6 broad axe and wearing a +0 plate armour (lightly wounded, 78% to hit)
You shoot an arrow. The arrow barely misses the goblin.
The arrow hits the orc warlord but does no damage.
The orc warlord is lightly wounded.
Fire: b) +0 shortbow
Press: ? - help, Q - select action, (/) - cycle Shift-Dir - straight line, f/p - orc warlord
Aim: an orc warlord, wielding a +6 broad axe and wearing a +0 plate armour (lightly wounded, 78% to hit)
You shoot an arrow.
The arrow hits the goblin but does no damage.
Fire: b) +0 shortbow
Press: ? - help, Q - select action, (/) - cycle Shift-Dir - straight line, f/p - orc warlord
Aim: an orc warlord, wielding a +6 broad axe and wearing a +0 plate armour (lightly wounded, 78% to hit)
You shoot an arrow. The arrow closely misses the goblin.
The arrow hits the orc warlord but does no damage.
The orc warlord is lightly wounded.
Fire: b) +0 shortbow
Press: ? - help, Q - select action, (/) - cycle Shift-Dir - straight line, f - goblin
Aim: a goblin, wielding a +0 war axe and wearing a +0 leather armour (64% to hit)
You shoot an arrow. The arrow closely misses the goblin.
Unknown command.
Fire: b) +0 shortbow
Press: ? - help, Q - select action, (/) - cycle Shift-Dir - straight line, f/p - goblin
Aim: a goblin, wielding a +0 war axe and wearing a +0 leather armour (64% to hit)
You shoot an arrow. The arrow hits the goblin.
The goblin is moderately wounded.
You shoot an arrow. The arrow closely misses the goblin.
You feel like a meek peon again.
a - a +0 scimitar (weapon)
Aiming: Iceblast
Press: ? - help, Shift-Dir - straight line, f/p - goblin
Aim: a goblin, wielding a +0 war axe and wearing a +0 leather armour (moderately wounded)
The mass of ice explodes!
The iceblast engulfs the goblin.
You kill the goblin!
Okawaru accepts your kill.
The iceblast engulfs the orc warlord!
The orc warlord is lightly wounded.
The now-empty wand crumbles to dust.
Unknown command.
Unknown command.
b - a +0 shortbow (weapon)
You shoot an arrow.
The arrow barely misses the orc warlord.
Aiming: Corrosive Bolt
Press: ? - help, Shift-Dir - straight line, f - you, p - orc warlord
Okay, then.
Things that are here:
a +0 hand axe; a +0 ring mail
Things that are here:
a +0 broad axe; a +0 chain mail
Aiming: Corrosive Bolt
Press: ? - help, Shift-Dir - straight line, f/p - orc warlord
Aim: an orc warlord, wielding a +6 broad axe and wearing a +0 plate armour (lightly wounded, 83% to hit)
The bolt of acid hits the orc warlord!!
The orc warlord is moderately wounded.
Aiming: Corrosive Bolt
Press: ? - help, Shift-Dir - straight line, f/p - orc warlord
Aim: an orc warlord, wielding a +6 broad axe and wearing a +0 plate armour (moderately wounded, 83% to hit)
The bolt of acid hits the orc warlord.
The acid corrodes the orc warlord!
The orc warlord is moderately wounded.
You gain the combat prowess of a mighty hero.
a - a +0 scimitar (weapon)
The orc warlord hits you with a +6 broad axe!
You barely miss the orc warlord. You punch the orc warlord.
The orc warlord is moderately wounded.
You hit the orc warlord but do no damage.
The orc warlord is moderately wounded.
The orc warlord hits you with a +6 broad axe.
You hit the orc warlord but do no damage.
The orc warlord is moderately wounded.
The orc warlord hits you with a +6 broad axe!
You completely miss the orc warlord.
The orc warlord is moderately wounded.
The orc warlord hits you with a +6 broad axe.
You feel yourself speed up.
The orc warlord hits you with a +6 broad axe!!
You die...

♣≈≈≈##...8...##~~~~
♣≈≈##.........#~~~~
♣≈≈#.........(#~~~~
♣≈≈#..8..8....'....
♣≈≈#........#######
♣≈≈##......##~~~#~~
♣))(##.....#~}.....
♣.)..##....#~?.....
♣♣.@..(#.)..##8.8...
♣..o).?)((...#......
♣∩.∩...')....#....∩.
♣.....('(....#......
♣♣.....#....##8.8...
♣....##....#~?.....
♣...##.....#~[.....
♣≈≈##......##~~~#~~
♣≈≈#......).#######


You could see an orc warlord (corroded).

Vanquished Creatures
  2 water moccasins
  An ice beast (D:6)
  2 black bears (D:6)
  7 orc warriors
  A sky beast (D:6)
  Blork the orc (D:4)
  4 wights (D:7)
  A howler monkey (D:5)
  A hound (D:5)
  A gnoll bouda (D:4)
  4 orc priests
  2 iguanas (D:4)
  2 sleepcaps (D:6)
  10 orc wizards
  Natasha (thrice) (D:2)
  12 gnolls
  8 adders
  2 shadow imps (D:6)
  An ufetubus (D:5)
  2 worms (D:2)
  2 dart slugs
  23 orcs
  5 ball pythons
  4 bats
  5 endoplasms
  2 giant cockroaches
  7 hobgoblins
  2 jackals (D:1)
  2 quokkas
  A frilled lizard (D:3)
  12 goblins
  14 kobolds
  4 rats
150 creatures vanquished.

Notes
Turn   | Place    | Note
-------+----------+-------------------------------------------
     0 | D:1      | edsrzf the Djinni Hunter began the quest for the Orb.
     0 | D:1      | Reached XP level 1. HP: 18/18 MP: 0/0
    61 | D:1      | Found a faded altar of an unknown god.
   393 | D:1      | Reached XP level 2. HP: 24/24 MP: 0/0
   789 | D:2      | Reached skill level 3 in Fighting
   808 | D:2      | Noticed Natasha
   812 | D:2      | Killed Natasha
   813 | D:2      | Reached XP level 3. HP: 16/31 MP: 0/0
   813 | D:2      | Learned a level 1 spell: Necrotise
   913 | D:2      | Noticed Natasha
   917 | D:2      | Killed Natasha
   918 | D:2      | Reached skill level 4 in Fighting
   918 | D:2      | Reached XP level 4. HP: 38/38 MP: 0/0
   945 | D:2      | Noticed Natasha
   976 | D:2      | Killed Natasha
   977 | D:2      | Reached XP level 5. HP: 7/42 MP: 0/0
   977 | D:2      | Learned a level 2 spell: Lesser Beckoning
  1408 | D:2      | Reached skill level 5 in Fighting
  1975 | D:3      | Identified 5 scrolls of identify
  1975 | D:3      | Identified a potion of haste
  1976 | D:3      | Identified 4 potions of enlightenment
  1977 | D:3      | Identified 2 potions of degeneration
  1978 | D:3      | Identified 2 potions of might
  2516 | D:4      | Reached XP level 6. HP: 45/50 MP: 0/0
  2525 | D:4      | Reached skill level 6 in Fighting
  2649 | D:4      | Identified a potion of cancellation
  2841 | D:4      | Found Piguogaj's Antique Weapon Shoppe.
  2848 | D:4      | Found Wurieted's Book Shoppe.
  2859 | D:4      | Reached skill level 1 in Long Blades
  3098 | D:4      | Identified 2 scrolls of teleportation
  3375 | D:4      | Noticed Blork the orc
  3380 | D:4      | Killed Blork the orc
  3381 | D:4      | Reached skill level 2 in Long Blades
  3381 | D:4      | Reached XP level 7. HP: 49/57 MP: 0/0
  3381 | D:4      | Learned a level 3 spell: Confusing Touch
  3475 | D:4      | Reached skill level 3 in Long Blades
  3558 | D:4      | Identified a potion of invisibility
  3559 | D:4      | Identified 2 potions of curing
  3670 | D:5      | Entered Level 5 of the Dungeon
  3866 | D:5      | Found a staircase to the Ecumenical Temple.
  4055 | D:5      | Noticed a water moccasin
  4078 | D:5      | Killed a water moccasin
  4079 | D:5      | Reached skill level 4 in Long Blades
  4300 | Temple   | Entered the Ecumenical Temple
  4349 | Temple   | Became a worshipper of Warmaster Okawaru
  4451 | D:5      | Reached XP level 8. HP: 62/62 MP: 0/0
  4688 | D:6      | Reached skill level 5 in Long Blades
  4898 | D:6      | Reached skill level 6 in Long Blades
  5217 | D:6      | Reached skill level 7 in Long Blades
  5318 | D:6      | Reached * piety under Okawaru
  5355 | D:6      | Reached XP level 9. HP: 39/67 MP: 0/0
  5355 | D:6      | Learned a level 3 spell: Portal Projectile
  5489 | D:6      | Identified a potion of mutation
  5497 | D:6      | Identified a potion of ambrosia
  5604 | D:6      | Reached skill level 8 in Long Blades
  5880 | D:7      | Identified 3 scrolls of poison
  5881 | D:7      | Identified 2 scrolls of noise
  5882 | D:7      | Identified 2 scrolls of fear
  5883 | D:7      | Identified a scroll of amnesia
  5884 | D:7      | Identified a scroll of acquirement
  5884 | D:7      | Acquired 1137 gold pieces
  5886 | D:7      | Identified a scroll of immolation
  5887 | D:7      | Identified a scroll of blinking
  5888 | D:7      | Identified a scroll of revelation
  5897 | D:7      | Reached skill level 9 in Long Blades
  5957 | D:7      | Found a flagged portal.
  5989 | Bailey   | Entered a bailey
  6035 | Bailey   | Reached ** piety under Okawaru
  6072 | Bailey   | Noticed an orc warlord
  6547 | Bailey   | Reached skill level 10 in Long Blades
  6713 | Bailey   | Found a runed translucent gate.
  6716 | Bailey   | Found a runed translucent gate.
  6718 | Bailey   | Found a runed translucent gate.
  6880 | Bailey   | Slain by an orc warlord

Illustrated notes

Levels and vault maps discovered:
D:1:      saegor_arrival_simple_c, layout_basic, basic_ecumenical_altar
D:2:      layout_basic, uniq_natasha
D:3:      wad_crossroads, layout_loops_ring, mainiacjoe_overflow_paths
D:4:      layout_basic, serial_shops, shop, nicolae_book_shop_shelving,
          uniq_blork_the_orc
D:5:      layout_gridville, old_standard_altar, minmay_temple_entry_junction,
          hangedman_abyss_or_decor_stabs
D:6:      layout_basic, grunt_decor_mini_mirrors, grunt_potential
D:7:      layout_basic, jmf_multi_god_temple2, enter_bailey_5,
          grunt_ministairs_9, grunt_decor_clamped
Temple:   hellmonk_temple_of_storms
Bailey:   bailey_axe_bossmonster_kennysheep, bailey

Skill      XL: |  1  2  3  4  5  6  7  8  9 |
---------------+----------------------------+-----
Fighting       | 3 4 5 6 |  6.3
Long Blades    | 2 4 7 10 | 10.0
Ranged Weapons | |  3.2
Dodging        | |  2.1
Stealth        | |  0.7

Action                     |  1- 3 |  4- 6 |  7- 9 || total
---------------------------+-------+-------+-------++-------
  Melee: Falchion          |       |    29 |       ||    29
         Punch             |       |     1 |     4 ||     5
         Scimitar          |       |       |   182 ||   182
   Fire: Shortbow          |    36 |   161 |   167 ||   364
 Invoke: Heroism           |       |       |     2 ||     2
  Evoke: Wand              |       |     1 |    21 ||    22
    Use: Scroll            |       |     6 |    13 ||    19
         Potion            |       |       |     6 ||     6
   Stab: Invisible         |       |       |     3 ||     3
         Distracted        |       |       |     1 ||     1
 Armour: Leather armour    |       |    26 |    15 ||    41
         Robe              |       |       |    18 ||    18
  Dodge: Dodged            |     2 |    60 |   102 ||   164

Table legend: (Time is in decaauts)
 A = Elapsed time spent in this place.
 B = Non-inter-level travel time spent in this place.
 C = Inter-level travel time spent in this place.
 D = Time resting spent in this place.
 E = Time spent auto-exploring this place.
 F = Levels seen in this place.
 G = Mean time per level.
                   A        B        C        D        E       F      G
               +--------+--------+--------+--------+--------+-----+--------+
         Total |   6950 |   6700 |    250 |   1714 |   3563 |   9 |  772.2 |
       Dungeon |   5992 |   5776 |    216 |   1242 |   3382 |   7 |  856.0 |
        Temple |     69 |     36 |     33 |      0 |     29 |   1 |   69.0 |
        Bailey |    888 |    888 |      0 |    471 |    152 |   1 |  888.0 |
               +--------+--------+--------+--------+--------+-----+--------+

Top non-repeatable levels by time:
     D:4: 1290 daAuts
     D:6: 1212 daAuts
     D:5: 939 daAuts
     D:2: 902 daAuts
  Bailey: 888 daAuts
     D:3: 865 daAuts
     D:1: 671 daAuts
     D:7: 112 daAuts
  Temple: 69 daAuts
